nivaead, chaotic male human Rogue ----------- ##..........| ---------- # |.........| |........-# #########################..........| |........|# # |.........| |........|# # ------....| |........|####################### # -.---- |........|# ----.------- # #### # -----|----# # |..........----# # ################# # |.............-# ### # # ### ##^##-.............| # # ## ## # |.............-####)) -------|---- # -----.---- # -------### |..........---- # |>.........| # |...(*...| ### |.....|# ------------ ##...........| ##.....<...| # |.....-# |..........| |........| ###|.....| ------------ ---------- #......| ------- nivaead the Cutpurse Experience level: 3 Strength: 16 Dexterity: 19 Constitution: 10 Intelligence: 11 Wisdom: 9 Charisma: 10 Health: 23(23) Energy: 12(12) Def: 4 Gold: 292 Moves: 1377 Dungeon seed: YnQhu3IzugcHvpXv Game ID: nivaead_1491583642 Your Inventory: Coins $ - 292 gold pieces Weapons a - a +0 short sword (weapon in hand) b - 11 +0 daggers (in quiver) Armor e - an uncursed +1 leather armor (being worn) n - an uncursed +0 orcish helm (being worn) Scrolls i - an uncursed scroll of light j - 2 uncursed scrolls of scare monster s - a cursed scroll of teleportation Spellbooks k - an uncursed spellbook of polymorph t - an uncursed spellbook of sleep u - an uncursed spellbook of create familiar Potions c - an uncursed potion of sickness o - an uncursed potion of hallucination v - an uncursed potion of gain ability Wands h - a wand of opening (0:3) l - a wand of opening (0:8) Tools d - an uncursed lock pick f - an uncursed sack g - an uncursed blindfold Spells and supernatural/magical abilities: Name Level Category Fail Memory W - pray for help -- divine ? -- Your skills at the end: Miscellaneous Skills wands [Basic] stealth [Basic] Weapon Skills dagger [Basic] short sword [Basic] Spellcasting Skills Final Attributes: You were piously aligned. You were somewhat stealthy. You are dead. Vanquished creatures: a floating eye a jitterbug a gas spore a large kobold a gnome a jackal a kobold 2 newts 4 goblins 5 grid bugs 2 bats 2 lichens 2 kobold zombies 24 creatures vanquished. Voluntary challenges: You did not adorn yourself with jewelry or accessories. You did not cause conflict. You were not invisible. You did not have reflection. You were not displaced. You were an atheist. You used a wielded weapon 12 times, starting on turn 86. You did not apply a unicorn horn. You did not use plumbed fixtures. You did not drink any magical draughts. You were illiterate. You never genocided any monsters. You never polymorphed an object. You never changed form. You used no wishes. You never split a pudding. You never wrote Elbereth's name. You never violated your personal moral code. Dungeon overview: The Dungeons of Doom: levels 1 to 3 Level 1 a long staircase Level 2 an armor shop, a fountain a long staircase Level 3 <- You were here History has recorded: On T:1 you entered the Dungeons of Doom to retrieve the Amulet of Yendor! On T:239 you reached level 2 of The Dungeons of Doom. On T:499 you advanced to experience level 2. On T:610 you reached level 3 of The Dungeons of Doom. On T:756 you advanced to experience level 3. Score breakdown: Gold: 292 ( 29 points) Experience: 3 levels ( 200 points) Exploration: 3 levels ( 60 points) Discoveries: 0 items ( 0 points) Variety of kills: 13 monsters ( 650 points) Major goal: (nothing yet) ( 0 points) Survival: died (score multiplied by 3) Total score: 2817 Latest messages: You come to. You faint from lack of food. You come to. You faint from lack of food. You come to. You faint from lack of food. You come to. You faint from lack of food. You come to. You faint from lack of food. You come to. You faint from lack of food. You come to. You faint from lack of food. You come to. You faint from lack of food. You come to. You faint from lack of food. Something is hit! It is missed. (2x) Something is hit. You come to. You faint from lack of food. You come to. You faint from lack of food. You die from starvation. Final status: Goodbye nivaead the Rogue, died of starvation, while fainted from lack of food... You starved in The Dungeons of Doom on dungeon level 3 with 2817 points, and 292 pieces of gold, after 1377 moves. You were level 3 with a maximum of 23 hit points when you starved.